 Dungeon Crawl Stone Soup version 0.27.1 (webtiles) character file.

Game seed: 11257912143132503909

17502 Kala the Blocker (level 12, -14/104 HPs)
             Began as a Minotaur Berserker on Aug 31, 2021.
             Was a High Priest of Trog.
             Demolished by a dire elephant simulacrum (52 damage)
             ... in an ice cave.
             The game lasted 00:46:15 (9468 turns).

Kala the Blocker (Minotaur Berserker)               Turns: 9468, Time: 00:46:17

Health: -14/104    AC: 21    Str: 26    XL:     12   Next: 19%
Magic:  11/11      EV: 19    Int:  4    God:    Trog [*****.]
Gold:   282        SH: 19    Dex: 11    Spells: 11/11 levels left

rFire    . . .     SeeInvis .   C - +1 whip (flame)
rCold    . . .     Faith    .   A - +0 kite shield "Ehil Yrgh" {Contam Harm Regen+ rCorr}
rNeg     . . .     Spirit   .   v - +5 chain mail "Voawex" {rPois}
rPois    +         Reflect  +   h - +2 hat
rElec    .         Harm     +   F - +0 cloak
rCorr    +         Rampage  .   (no gloves)
Will     .....                  (no boots)
Stlth    ..........             y - amulet of reflection
HPRegen  1.27/turn              f - +4 ring of evasion
MPRegen  0.12/turn              b - +4 ring of evasion

@: on berserk cooldown
A: horns 2, retaliatory headbutt, iridescent scales 1, sturdy frame 1
a: Renounce Religion, Berserk, Trog's Hand, Brothers in Arms


You were in an ice cave.
You worshipped Trog.
Trog was extremely pleased with you.
You visited 2 branches of the dungeon, and saw 9 of its levels.
You also visited: Sewer, Ossuary, Bailey and Ice Cave.

You collected 500 gold pieces.
You spent 218 gold pieces at shops.

Inventory:

Hand Weapons
 x - a +0 hand crossbow
 C - a +1 whip of flaming (weapon)
Missiles
 G - 18 bolts
Armour
 h - a +2 hat (worn)
 j - a +0 kite shield
 u - a +1 troll leather armour {Purgy}
 v - the +5 chain mail "Voawex" (worn) {rPois}
   (You found it in a sewer)

   rPois:     It protects you from poison.
 A - the +0 kite shield "Ehil Yrgh" (worn) {Contam Harm Regen+ rCorr}
   (You bought it in a shop on level 5 of the Dungeon)

   Contam:    It causes magical contamination when unequipped.
   Regen:     It increases your rate of health regeneration.
   rCorr:     It protects you from acid and corrosion.
   Harm:      It increases damage dealt and taken.
 D - a scarf of shadows
 E - +0 storm dragon scales
 F - a +0 cloak (worn)
Jewellery
 b - a +4 ring of evasion (right hand)
 f - a +4 ring of evasion (left hand)
 k - a ring of poison resistance
 o - an amulet of regeneration
 y - an amulet of reflection (around neck)
 K - a +6 ring of intelligence
Wands
 a - a wand of paralysis (9)
 i - a wand of flame (20)
 q - a wand of iceblast (13)
 z - a wand of mindburst (9)
Scrolls
 g - a scroll of magic mapping
 m - 3 scrolls of enchant armour
 r - 2 scrolls of identify
 s - 4 scrolls of teleportation
 w - a scroll of brand weapon {unknown}
 H - 2 scrolls of blinking {unknown}
 L - a scroll of noise {unknown}
 N - a scroll of vulnerability {unknown}
 O - a scroll of torment {unknown}
Potions
 c - 6 potions of curing
 d - 5 potions of heal wounds
 e - 2 potions of haste
 l - a potion of flight
 n - a potion of might
 p - a potion of cancellation {unknown}
 t - a potion of mutation
 B - 2 potions of invisibility
 I - 2 potions of resistance {unknown}
 J - a potion of ambrosia {unknown}
 M - a potion of lignification {unknown}


   Skills:
 + Level 9.3 Fighting
 + Level 12.6 Maces & Flails
 + Level 1.0 Crossbows
 + Level 9.7 Armour
 + Level 7.6 Dodging
 + Level 1.0 Stealth
 + Level 13.6 Shields


You had 11 spell levels left.
You didn't know any spells.
Your spell library was empty.

Dungeon Overview and Level Annotations

Branches:
Dungeon (8/15)             Temple (0/1) D:6            Lair (1/6) D:8
  Sewer (visited)         Ossuary (visited)          Bailey (visited)
  IceCv (1/1)

Altars:
Cheibriados
Dithmenos
Fedhas
Gozag
Hepliaklqana
Kikubaaqudgha
Nemelex Xobeh
Qazlal
Ru
Yredelemnul

Shops:
D:1 [   D:5 *([(:

Annotations:
IceCv exclusion: ice statue


Innate Abilities, Weirdness & Mutations

You have a pair of horns on your head.
You reflexively headbutt those who attack you in melee.
You are partially covered in iridescent scales. (AC +2)
Your movements are slightly less encumbered by armour. (ER -2)


Message History

The dire elephant simulacrum tramples you!
The dire elephant simulacrum freezes you!!!
The dire elephant simulacrum trunk-slaps you but does no damage.
You are too injured to fight recklessly!
You are too injured to fight recklessly!
You are too injured to fight recklessly!
You are too injured to fight recklessly!
You hit the dire elephant simulacrum but do no damage.
The dire elephant simulacrum is lightly damaged.
You hit the dire elephant simulacrum but do no damage.
You headbutt the dire elephant simulacrum!
The dire elephant simulacrum is moderately damaged.
You hit the dire elephant simulacrum but do no damage.
The dire elephant simulacrum is moderately damaged.
The dire elephant simulacrum misses you.
You furiously retaliate!
You headbutt the dire elephant simulacrum, but do no damage.
The dire elephant simulacrum trunk-slaps you but does no damage.
You hit the dire elephant simulacrum but do no damage.
The dire elephant simulacrum is moderately damaged.
You hit the dire elephant simulacrum but do no damage.
The dire elephant simulacrum is moderately damaged.
You block the dire elephant simulacrum's attack. x2
You hit the dire elephant simulacrum.
You melt the dire elephant simulacrum.
You headbutt the dire elephant simulacrum.
The dire elephant simulacrum is heavily damaged.
You hit the dire elephant simulacrum but do no damage.
You headbutt the dire elephant simulacrum.
The dire elephant simulacrum is severely damaged.
You block the dire elephant simulacrum's attack.
The dire elephant simulacrum trunk-slaps you but does no damage.
You hit the dire elephant simulacrum but do no damage.
The dire elephant simulacrum is severely damaged.
You hit the dire elephant simulacrum but do no damage.
You headbutt the dire elephant simulacrum.
The dire elephant simulacrum is severely damaged.
The dire elephant simulacrum tramples you!
The dire elephant simulacrum freezes you!!!
Ouch! That really hurt!
You die...

#. ####. #8
#+#+#.#+#+# #⌠4#. .
#.........+ +!4#.
#.#.8.8.8.8.########.
#.#..............#...
.'..............'...
#..............#...
#.8.8.8.8.########.
#.@.......'.# +)4#.
#Z#'#.#'#'### #⌠4#.
#.#.#.#.#.# ####.
#####+##### #.. ### #


You could see a dire elephant simulacrum.

Vanquished Creatures
  A two-headed ogre (D:8)
  8 death yaks (D:8)
  Pikel (D:6)
  An ice statue (IceCv)
  Maggie (D:6)
  2 cane toads (Lair:1)
  A komodo dragon (Lair:1)
  An entropy weaver simulacrum (IceCv)
  An anaconda simulacrum (IceCv)
  6 ice devils (IceCv)
  Grinder (D:5)
  A spriggan (D:8)
  Eustachio (D:5)
  5 wyverns
  Sigmund (D:2)
  13 yaks
  Grum (Lair:1)
  A dire elephant simulacrum (IceCv)
  A harpy simulacrum (IceCv)
  Duvessa (D:6)
  3 water moccasins
  6 orc warriors
  An ice beast (D:7)
  Purgy (Sewer)
  2 sky beasts
  2 necrophages (D:4)
  An ogre (D:7)
  2 wolves (Lair:1)
  A lemure (D:6)
  3 phantoms
  A kobold brigand (D:6)
  4 elf zombies (Ossuary)
  Blork the orc (D:5)
  5 bullfrogs
  A cane toad simulacrum (Lair:1)
  3 scorpions
  Dowan (D:6)
  6 killer bees (D:7)
  2 howler monkeys (D:8)
  2 bullfrog zombies
  4 centaur zombies
  7 hounds
  2 jellies (D:5)
  A centaur skeleton (D:6)
  4 iguanas
  Ijyb (D:5)
  Natasha (thrice) (D:2)
  4 orc wizards (D:8)
  2 spriggan simulacra (IceCv)
  3 hound zombies (Ossuary)
  3 mummies (Ossuary)
  A howler monkey zombie (D:6)
  Robin (D:2)
  6 gnolls
  10 adders
  A naga simulacrum (IceCv)
  2 shadow imps (D:5)
  2 ufetubi (D:5)
  2 adder zombies (Ossuary)
  3 dart slugs
  21 orcs
  9 bats
  15 endoplasms
  5 giant cockroaches
  A gnoll zombie (Ossuary)
  17 goblins
  14 hobgoblins
  5 jackals
  25 kobolds
  5 quokkas
  11 ball pythons
  6 frilled lizards
  4 goblin zombies (Ossuary)
  4 hobgoblin zombies (Ossuary)
  4 jackal zombies (Ossuary)
  2 kobold zombies (Ossuary)
  3 quokka zombies (Ossuary)
  5 rats
  4 rat zombies (Ossuary)
319 creatures vanquished.

Vanquished Creatures (others)
  2 fungi (D:3)
  4 plants (D:3)
6 creatures vanquished.

Grand Total: 325 creatures vanquished

Notes
Turn   | Place    | Note
-------+----------+-------------------------------------------
     0 | D:1      | Kala the Minotaur Berserker began the quest for the Orb.
     0 | D:1      | Reached XP level 1. HP: 19/19 MP: 0/0
   130 | D:1      | Reached XP level 2. HP: 27/27 MP: 1/1
   478 | D:1      | Found Weiluc's Antique Armour Boutique.
   612 | D:1      | Found a faded altar of an unknown god.
   672 | D:1      | Reached ** piety under Trog
   784 | D:1      | Reached XP level 3. HP: 33/33 MP: 2/2
   865 | D:2      | Noticed Natasha
   870 | D:2      | Killed Natasha
   950 | D:2      | Reached skill level 1 in Shields
  1032 | D:2      | Identified the +1 helmet "Laer" {+Blink rPois Slay-3}
  1032 | D:2      | Noticed Robin
  1041 | D:2      | Reached XP level 4. HP: 41/41 MP: 3/3
  1051 | D:2      | Noticed Natasha
  1053 | D:2      | Killed Robin
  1054 | D:2      | Reached skill level 5 in Maces & Flails
  1286 | D:2      | Killed Natasha
  1406 | D:2      | Noticed Natasha
  1410 | D:2      | Killed Natasha
  1411 | D:2      | Reached skill level 2 in Shields
  1411 | D:2      | Reached XP level 5. HP: 47/47 MP: 4/4
  1569 | D:2      | Noticed Sigmund
  1584 | D:2      | Killed Sigmund
  1585 | D:2      | Reached XP level 6. HP: 55/55 MP: 5/5
  1651 | D:2      | Reached skill level 5 in Fighting
  1654 | D:2      | Reached *** piety under Trog
  2280 | D:3      | Gained mutation: You are partially covered in iridescent
                  | scales. (AC +2) [potion of mutation]
  2280 | D:3      | Gained mutation: Your movements are slightly less
                  | encumbered by armour. (ER -2) [potion of mutation]
  2302 | D:3      | Found a stormy altar of Qazlal.
  2303 | D:3      | Found a blossoming altar of Fedhas.
  2909 | D:3      | Found a shadowy altar of Dithmenos.
  2909 | D:3      | Found a hazy altar of Hepliaklqana.
  2912 | D:3      | Noticed a shadow
  3403 | D:4      | Reached XP level 7. HP: 61/61 MP: 6/6
  3539 | D:4      | Reached skill level 3 in Shields
  3660 | D:4      | Reached **** piety under Trog
  3997 | D:5      | Entered Level 5 of the Dungeon
  4000 | D:5      | Noticed Eustachio
  4020 | D:5      | Reached XP level 8. HP: 70/70 MP: 7/7
  4030 | D:5      | Killed Eustachio
  4031 | D:5      | Reached skill level 4 in Shields
  4102 | D:5      | Found Peheapyi's Antique Armour Shop.
  4148 | D:5      | Noticed Ijyb
  4158 | D:5      | Killed Ijyb
  4211 | D:5      | Found Plog's Antique Weapon Shop.
  4258 | D:5      | Noticed Grinder
  4259 | D:5      | Found Xaugutehu's Book Shoppe.
  4271 | D:5      | Paralysed by Grinder for 6 turns
  4282 | D:5      | Paralysed by Grinder for 3 turns
  4286 | D:5      | Killed Grinder
  4287 | D:5      | Reached skill level 5 in Armour
  4355 | D:5      | Found a glowing drain.
  4384 | Sewer    | Entered a sewer
  4450 | Sewer    | Noticed Purgy
  4460 | Sewer    | Killed Purgy
  4512 | Sewer    | Identified the +5 chain mail "Voawex" {rPois}
  4592 | D:5      | Reached skill level 5 in Shields
  4629 | D:5      | Found Diwuy's Assorted Antiques.
  4664 | D:5      | Found Tului's Antique Weapon Shoppe.
  4687 | D:5      | Reached skill level 5 in Dodging
  4754 | D:5      | Found a sacrificial altar of Ru.
  4756 | D:5      | Found an opulent altar of Gozag.
  4756 | D:5      | Found a snail-covered altar of Cheibriados.
  4779 | D:5      | Found a sparkling altar of Nemelex Xobeh.
  4783 | D:5      | Found a basalt altar of Yredelemnul.
  4829 | D:5      | Noticed Blork the orc
  4837 | D:5      | Killed Blork the orc
  5129 | D:6      | Reached XP level 9. HP: 78/78 MP: 8/8
  5251 | D:5      | Bought a spiked kite shield for 218 gold pieces
  5251 | D:5      | Identified the +0 kite shield "Ehil Yrgh" {Contam Harm
                  | Regen+ rCorr} (You bought it in a shop on level 5 of the
                  | Dungeon)
  5292 | D:6      | Found a staircase to the Ecumenical Temple.
  5296 | D:6      | Noticed Maggie
  5309 | D:6      | Killed Maggie
  5310 | D:6      | Reached skill level 10 in Maces & Flails
  5310 | D:6      | Reached skill level 6 in Shields
  5375 | D:6      | Noticed Pikel
  5387 | D:6      | Killed Pikel
  5428 | D:6      | Noticed Dowan
  5431 | D:6      | Noticed Duvessa
  5438 | D:6      | Killed Dowan
  5442 | D:6      | Killed Duvessa
  5507 | D:6      | Reached skill level 7 in Shields
  5577 | D:6      | Found an ancient bone altar of Kikubaaqudgha.
  6125 | D:7      | Found a flagged portal.
  6161 | Bailey   | Entered a bailey
  6328 | Bailey   | Reached ***** piety under Trog
  6390 | D:7      | Found a sand-covered staircase.
  6395 | Ossuary  | Entered an ossuary
  6436 | Ossuary  | Reached XP level 10. HP: 86/86 MP: 9/9
  6456 | Ossuary  | Reached skill level 8 in Shields
  7262 | D:7      | Reached skill level 9 in Shields
  7675 | D:8      | Reached skill level 1 in Crossbows
  7688 | D:8      | Reached skill level 10 in Shields
  7798 | D:8      | Noticed a death yak
  7799 | D:8      | Noticed a death yak
  7809 | D:8      | Noticed a death yak
  7814 | D:8      | Noticed a death yak
  7816 | D:8      | Killed a death yak
  7818 | D:8      | Noticed a death yak
  7820 | D:8      | Killed a death yak
  7821 | D:8      | Reached skill level 11 in Shields
  7821 | D:8      | Reached XP level 11. HP: 95/95 MP: 10/10
  7821 | D:8      | Noticed a death yak
  7822 | D:8      | Noticed a death yak
  7823 | D:8      | Noticed a death yak
  7824 | D:8      | Killed a death yak
  7825 | D:8      | Found a staircase to the Lair.
  7832 | D:8      | Killed a death yak
  7930 | D:8      | Killed a death yak
  7960 | D:8      | Killed a death yak
  7961 | D:8      | Reached skill level 12 in Shields
  7981 | D:8      | Killed a death yak
  7996 | D:8      | Killed a death yak
  8090 | D:8      | Noticed a two-headed ogre
  8101 | D:8      | Killed a two-headed ogre
  8575 | Lair:1   | Entered Level 1 of the Lair of Beasts
  8645 | Lair:1   | Identified the +0 scale mail of Shadows and Fog {Int+3}
  8740 | Lair:1   | Reached skill level 1 in Stealth
  8740 | Lair:1   | Reached skill level 13 in Shields
  9060 | Lair:1   | Found a frozen archway.
  9062 | Lair:1   | Noticed Grum
  9079 | Lair:1   | Killed Grum
  9102 | IceCv    | Entered an ice cave
  9139 | IceCv    | Reached XP level 12. HP: 104/104 MP: 11/11
  9468 | IceCv    | Demolished by a dire elephant simulacrum

Illustrated notes

Levels and vault maps discovered:
D:1:      saegor_arrival_under_anarchy, layout_basic, serial_shops, shop,
          ebering_ecumenical_altar_mist
D:2:      layout_loops_corners, uniq_robin, uniq_natasha, uniq_sigmund
D:3:      layout_basic, grunt_temple_overflow_forces_of_nature,
          riverfiend_overflow_shadow_ancestor
D:4:      layout_basic, minmay_diced_spiral
D:5:      layout_rooms, minmay_overflow_temple_star_hex, gup_sewer_entry_glass,
          serial_shops, shop, nicolae_square_shop, nicolae_shop_statue_plus,
          kennysheep_mini, shop, nrook_loot_triangle, st_stairs_2,
          serial_bayou_ford_a, minmay_misc_feat_alley, uniq_ijyb, uniq_grinder,
          uniq_blork_the_orc, uniq_eustachio
D:6:      layout_loops_ring, mainiacjoe_overflow_alcove_2,
          minmay_temple_entry_stoned_glass, grunt_decor_clamped,
          minmay_small_thing, uniq_duvessa, uniq_maggie, uniq_pikel
D:7:      layout_basic, enter_bailey_4, lightli_ossuary_entry_decrepit_ruins
D:8:      layout_cave_pods, dpeg_lair_monsters, the_hattery
Lair:1:   layout_hall_layers, portal_ice_cave_entry_ice_simulacra, uniq_grum
IceCv:    ice_cave_tombish

Skill      XL: |  1  2  3  4  5  6  7  8  9 10 11 |
---------------+----------------------------------+-----
Maces & Flails | 4 5 6 7 8 9 10 11 12 | 12.6
Fighting       | 4 5 6 7 8 9 |  9.3
Shields        | 1 2 3 5 7 11 13 | 13.6
Armour         | 3 4 5 6 7 9 |  9.7
Dodging        | 3 4 5 6 7 |  7.6
Crossbows      | 1 |  1.0
Stealth        | 1 |  1.0

Action                   |  1- 3 |  4- 6 |  7- 9 | 10-12 || total
-------------------------+-------+-------+-------+-------++-------
Melee: Mace              |    62 |   112 |   217 |       ||   391
       Headbutt          |    10 |    15 |    68 |   153 ||   246
       Whip              |       |       |   130 |   603 ||   733
 Fire: Hand crossbow     |       |       |       |     3 ||     3
Throw: Throwing net      |       |       |       |     2 ||     2
Invok: Berserk           |     3 |     6 |    12 |     9 ||    30
       Trog's Hand       |       |     1 |     4 |     3 ||     8
  Use: Potion            |       |     7 |     1 |       ||     8
       Scroll            |       |     3 |     6 |       ||     9
 Stab: Sleeping          |     1 |       |       |       ||     1
Armor: Animal skin       |    10 |       |       |       ||    10
       Ring mail         |     6 |    18 |    41 |       ||    65
       Scale mail        |       |    12 |       |       ||    12
       Chain mail        |       |       |    50 |    68 ||   118
Dodge: Dodged            |    54 |    81 |   245 |   150 ||   530
Block: Kite shield       |       |     1 |   264 |   317 ||   582
       Reflection        |       |       |    77 |     1 ||    78
